TOP OF THE 1ST |
Belleville Bulls batting - Pitching for Columbia River Rats : RHP Pat Inman
|
Pitching: RHP Pat Inman
|
|
Batting: SHB Júlio Moreno
|
0-0: Called Strike 0-1: Swinging Strike 0-2: Ball 1-2: Strikes out swinging
|
Batting: RHB Glenn Curtis
|
0-0: Called Strike 0-1: Foul Ball, location: 2F 0-2: Ball 1-2: Foul Ball, location: 2F 1-2: Ground out 1-3 (Groundball, 13S)
|
Batting: RHB Holden Ford
|
0-0: Ball 1-0: Foul Ball, location: 2F 1-1: Ball 2-1: Ball 3-1: Called Strike 3-2: Foul Ball, location: 2F 3-2: Ground out 4-3 (Groundball, 34)
|
Top of the 1st over - 0 runs, 0 hits, 0 errors, 0 left on base; Belleville 0 - Columbia 0 |
BOTTOM OF THE 1ST |
Columbia River Rats batting - Pitching for Belleville Bulls : RHP Hirotsugu Kobayashi
|
Pitching: RHP Hirotsugu Kobayashi
|
|
Batting: LHB King Rutledge
|
0-0: Called Strike 0-1: Hit by Pitch
|
Batting: LHB Kevin McIndeor
|
0-0: Swinging Strike 0-1: Ball 1-1: Foul Ball, location: 2F 1-2: Ball 2-2: Ball 3-2: 2-RUN HOME RUN (Flyball, 9LD), Distance : 331 ft
|
Batting: RHB Tyler Bowen
|
0-0: Called Strike 0-1: Foul Ball, location: 2F 0-2: Ball 1-2: Ball 2-2: Ball 3-2: Strikes out swinging
|
Batting: LHB Johnny Carter
|
0-0: Ball 1-0: Ground out 4-3 (Groundball, 4)
|
Batting: SHB Brian Burt
|
0-0: Ball 1-0: SINGLE (Groundball, 34D)
|
Batting: RHB Don Skerrett
|
0-0: Called Strike 0-1: Swinging Strike 0-2: Strikes out looking
|
Bottom of the 1st over - 2 runs, 2 hits, 0 errors, 1 left on base; Belleville 0 - Columbia 2 |
TOP OF THE 2ND |
Belleville Bulls batting - Pitching for Columbia River Rats : RHP Pat Inman
|
Batting: RHB Rey McSriff
|
0-0: Foul Ball, location: 2F 0-1: Ball 1-1: Fly out, F8 (Flyball, 8RD)
|
Batting: LHB Juan Rodríguez
|
0-0: Ball 1-0: Ball 2-0: Ground out 1-3 (Groundball, 13)
|
Batting: RHB Cary Collins
|
0-0: Called Strike 0-1: Ground out 6-3 (Groundball, 6)
|
Top of the 2nd over - 0 runs, 0 hits, 0 errors, 0 left on base; Belleville 0 - Columbia 2 |
BOTTOM OF THE 2ND |
Columbia River Rats batting - Pitching for Belleville Bulls : RHP Hirotsugu Kobayashi
|
Batting: RHB Tyler Marés
|
0-0: Ball 1-0: Ball 2-0: Called Strike 2-1: Foul Ball, location: 2F 2-2: Fly out, F9 (Flyball, 89D)
|
Batting: RHB José Palma
|
0-0: Called Strike 0-1: Called Strike 0-2: Strikes out looking
|
Batting: RHB Troy Flynn
|
0-0: Ball 1-0: Foul Ball, location: 2F 1-1: Ball 2-1: Foul Ball, location: 2F 2-2: Ball 3-2: Ground out 3-1 (Groundball, 34S)
|
Bottom of the 2nd over - 0 runs, 0 hits, 0 errors, 0 left on base; Belleville 0 - Columbia 2 |
TOP OF THE 3RD |
Belleville Bulls batting - Pitching for Columbia River Rats : RHP Pat Inman
|
Now at SS: José Palma
|
|
Batting: RHB Kazunari Mizuno
|
0-0: Called Strike 0-1: Ball 1-1: Ball 2-1: Foul Ball, location: 2F 2-2: Ground out 3-1 (Groundball, 34)
|
Batting: RHB Gary Goodwin
|
0-0: Ball 1-0: Called Strike 1-1: Ball 2-1: Foul Ball, location: 2F 2-2: Ball 3-2: Foul Ball, location: 2F 3-2: Foul Ball, location: 2F 3-2: Base on Balls
|
Batting: RHB Roberto Ortíz
|
0-0: Called Strike 0-1: Ball 1-1: Called Strike 1-2: Strikes out swinging
|
Batting: SHB Júlio Moreno
|
0-0: Fly out, F4 (Popup, 4MS)
|
Top of the 3rd over - 0 runs, 0 hits, 0 errors, 1 left on base; Belleville 0 - Columbia 2 |
BOTTOM OF THE 3RD |
Columbia River Rats batting - Pitching for Belleville Bulls : RHP Hirotsugu Kobayashi
|
Batting: LHB King Rutledge
|
0-0: Foul Ball, location: 2F 0-1: SINGLE (Line Drive, 7LM)
|
Batting: LHB Kevin McIndeor
|
0-0: Called Strike 0-1: Ball 1-1: Ball 2-1: Foul Ball, location: 2F 2-2: Ball 3-2: SINGLE (Groundball, 34D) King Rutledge to second Runner from 2nd tries for 3rd, SAFE, no throw
|
Batting: RHB Tyler Bowen
|
0-0: Ball 1-0: Foul Ball, location: 2F 1-1: Ball 2-1: Ball 3-1: Base on Balls Kevin McIndeor to second
|
Batting: LHB Johnny Carter
|
0-0: Ball 1-0: Foul Ball, location: 2F 1-1: Ball 2-1: GRAND SLAM HOME RUN (Flyball, 7LD), Distance : 363 ft
|
Batting: SHB Brian Burt
|
0-0: Ball 1-0: Called Strike 1-1: Called Strike 1-2: Ball 2-2: Strikes out looking
|
Batting: RHB Don Skerrett
|
0-0: Called Strike 0-1: Foul Ball, location: 2F 0-2: Foul Ball, location: 2F 0-2: Ball 1-2: Ball 2-2: Strikes out looking
|
Batting: RHB Tyler Marés
|
0-0: SINGLE (Groundball, 4D)
|
Batting: RHB José Palma
|
0-0: Called Strike 0-1: Foul Ball, location: 2F 0-2: Ball 1-2: Ball 2-2: Ball 3-2: Ground out 1-3 (Groundball, 13S)
|
Bottom of the 3rd over - 4 runs, 4 hits, 0 errors, 1 left on base; Belleville 0 - Columbia 6 |
TOP OF THE 4TH |
Belleville Bulls batting - Pitching for Columbia River Rats : RHP Pat Inman
|
Batting: RHB Glenn Curtis
|
0-0: Called Strike 0-1: Ball 1-1: Ball 2-1: Foul Ball, location: 2F 2-2: Foul Ball, location: 2F 2-2: Foul Ball, location: 2F 2-2: Foul Ball, location: 2F 2-2: Foul Ball, location: 2F 2-2: Fly out, F9 (Flyball, 9D)
|
Batting: RHB Holden Ford
|
0-0: Ball 1-0: Called Strike 1-1: Ball 2-1: Called Strike 2-2: Ball 3-2: Base on Balls
|
Batting: RHB Rey McSriff
|
0-0: Ball 1-0: Called Strike 1-1: Ball Holden Ford steals 2nd base 2-1: Fly out, F6 (Line Drive, 6)
|
Batting: LHB Juan Rodríguez
|
0-0: Ball 1-0: Foul Ball, location: 2F 1-1: Called Strike 1-2: Strikes out looking
|
Top of the 4th over - 0 runs, 0 hits, 0 errors, 1 left on base; Belleville 0 - Columbia 6 |
BOTTOM OF THE 4TH |
Columbia River Rats batting - Pitching for Belleville Bulls : RHP Hirotsugu Kobayashi
|
Pitching: RHP Cale Ryan
|
|
Batting: RHB Troy Flynn
|
0-0: Called Strike 0-1: Called Strike 0-2: Strikes out swinging
|
Batting: LHB King Rutledge
|
0-0: Called Strike 0-1: Called Strike 0-2: Foul Ball, location: 2F 0-2: Ball 1-2: Strikes out swinging
|
Batting: LHB Kevin McIndeor
|
0-0: Called Strike 0-1: Foul Ball, location: 2F 0-2: Strikes out looking
|
Bottom of the 4th over - 0 runs, 0 hits, 0 errors, 0 left on base; Belleville 0 - Columbia 6 |
TOP OF THE 5TH |
Belleville Bulls batting - Pitching for Columbia River Rats : RHP Pat Inman
|
Batting: RHB Cary Collins
|
0-0: Ball 1-0: Ball 2-0: Ball 3-0: Called Strike 3-1: Swinging Strike 3-2: Strikes out looking
|
Batting: RHB Kazunari Mizuno
|
0-0: Called Strike 0-1: Called Strike 0-2: Ball 1-2: SINGLE (Groundball, 4MD)
|
Batting: RHB Gary Goodwin
|
0-0: Ball 1-0: Called Strike 1-1: Foul Ball, location: 2F 1-2: Foul Ball, location: 2F 1-2: Strikes out swinging
|
Batting: RHB Roberto Ortíz
|
0-0: Swinging Strike 0-1: Ball 1-1: Ball 2-1: Ball 3-1: Called Strike 3-2: DOUBLE (Line Drive, 89D) Kazunari Mizuno to third Kazunari Mizuno scores
|
Batting: SHB Júlio Moreno
|
0-0: SINGLE (Groundball, 56D) Roberto Ortíz to third Runner from 3rd tries for Home, SAFE, no throw
|
Batting: RHB Glenn Curtis
|
0-0: Called Strike 0-1: Foul Ball, location: 2F 0-2: Ball 1-2: Ball 2-2: Ball Júlio Moreno steals 2nd base 3-2: Foul Ball, location: 2F 3-2: Ground out 4-3 (Groundball, 4)
|
Top of the 5th over - 2 runs, 3 hits, 0 errors, 1 left on base; Belleville 2 - Columbia 6 |
BOTTOM OF THE 5TH |
Columbia River Rats batting - Pitching for Belleville Bulls : RHP Cale Ryan
|
Batting: RHB Tyler Bowen
|
0-0: Ball 1-0: Foul Ball, location: 2F 1-1: Foul Ball, location: 2F 1-2: Strikes out swinging
|
Batting: LHB Johnny Carter
|
0-0: Ball 1-0: Ball 2-0: Ball 3-0: Base on Balls
|
Batting: SHB Brian Burt
|
0-0: Reached on error, E5 (Groundball, 56) Johnny Carter to second
|
Batting: RHB Don Skerrett
|
0-0: Ball 1-0: Ball 2-0: Swinging Strike 2-1: Foul Ball, location: 2F 2-2: Fly out, F8 (Line Drive, 8LXD) Runner from 2nd tags up, SAFE at 3rd, no throw
|
Batting: RHB Tyler Marés
|
0-0: Called Strike 0-1: Ball 1-1: Reached on error, E5 (Groundball, 56) Johnny Carter scores Brian Burt to second
|
Batting: RHB José Palma
|
0-0: Ball 1-0: Called Strike 1-1: SINGLE (Groundball, 6MD) Brian Burt to third Tyler Marés to second Runner from 3rd tries for Home, SAFE, no throw
|
Pitching: LHP Adrián Medrano
|
|
Batting: RHB Troy Flynn
|
0-0: Called Strike 0-1: Ball 1-1: Ball 2-1: Ball 3-1: Base on Balls Tyler Marés to third José Palma to second
|
Batting: LHB King Rutledge
|
0-0: Ball 1-0: Ball 2-0: Ball 3-0: Called Strike 3-1: SINGLE (Line Drive, 5D) Tyler Marés scores José Palma to third Troy Flynn to second Runner from 3rd tries for Home, SAFE, no throw
|
Batting: LHB Kevin McIndeor
|
0-0: Ball 1-0: Foul Ball, location: 2F 1-1: Foul Ball, location: 2F 1-2: Ball 2-2: Foul Ball, location: 2F 2-2: Foul Ball, location: 2F 2-2: Ball 3-2: Foul Ball, location: 2F 3-2: SINGLE (Groundball, 4) (infield hit) Troy Flynn to third King Rutledge to second
|
Pitching: RHP Jay Holt
|
|
Batting: RHB Tyler Bowen
|
0-0: Called Strike 0-1: Swinging Strike 0-2: Foul Ball, location: 2F 0-2: Ball 1-2: Fly out, F7 (Flyball, 7LSF)
|
Bottom of the 5th over - 4 runs, 3 hits, 2 errors, 3 left on base; Belleville 2 - Columbia 10 |
TOP OF THE 6TH |
Belleville Bulls batting - Pitching for Columbia River Rats : RHP Pat Inman
|
Batting: RHB Holden Ford
|
0-0: Called Strike 0-1: Ball 1-1: Swinging Strike 1-2: Strikes out swinging
|
Batting: RHB Rey McSriff
|
0-0: Ground out 6-3 (Groundball, 6)
|
Batting: LHB Juan Rodríguez
|
0-0: SINGLE (Line Drive, 6MD)
|
Pitching: RHP José Mejía
|
|
Batting: RHB Cary Collins
|
0-0: Called Strike 0-1: Foul Ball, location: 2F 0-2: Ball 1-2: SINGLE (Line Drive, 4M) Juan Rodríguez to second Runner from 2nd tries for 3rd, SAFE, no throw
|
Batting: RHB Kazunari Mizuno
|
0-0: Called Strike 0-1: Ball 1-1: Fielders Choice at 2nd, 5-4 (Groundball, 5)
|
Top of the 6th over - 0 runs, 2 hits, 0 errors, 2 left on base; Belleville 2 - Columbia 10 |
BOTTOM OF THE 6TH |
Columbia River Rats batting - Pitching for Belleville Bulls : RHP Jay Holt
|
Batting: LHB Johnny Carter
|
0-0: Ball 1-0: Called Strike 1-1: Ball 2-1: Ball 3-1: Base on Balls
|
Batting: SHB Brian Burt
|
0-0: Foul Ball, location: 2F 0-1: Foul Ball, location: 2F 0-2: Ball 1-2: Ball 2-2: Fly out, F7 (Flyball, 7)
|
Batting: RHB Don Skerrett
|
0-0: Foul Ball, location: 2F 0-1: Ball 1-1: Ball 2-1: Ball 3-1: Called Strike 3-2: DOUBLE (Line Drive, 89M) Johnny Carter to third
|
Batting: RHB Tyler Marés
|
0-0: Foul Ball, location: 2F 0-1: Foul Ball, location: 2F 0-2: Ball 1-2: Ground out 1-3 (Groundball, 15S)
|
Batting: RHB José Palma
|
0-0: Called Strike 0-1: Ground out 4-3 (Groundball, 4)
|
Bottom of the 6th over - 0 runs, 1 hit, 0 errors, 2 left on base; Belleville 2 - Columbia 10 |
TOP OF THE 7TH |
Belleville Bulls batting - Pitching for Columbia River Rats : RHP José Mejía
|
Batting: RHB Gary Goodwin
|
0-0: Fly out, F8 (Flyball, 8RD)
|
Batting: RHB Roberto Ortíz
|
0-0: Ball 1-0: Ball 2-0: Fly out, F3 (Popup, 23F)
|
Batting: SHB Júlio Moreno
|
0-0: Ball 1-0: Fly out, F8 (Line Drive, 8RD)
|
Top of the 7th over - 0 runs, 0 hits, 0 errors, 0 left on base; Belleville 2 - Columbia 10 |
BOTTOM OF THE 7TH |
Columbia River Rats batting - Pitching for Belleville Bulls : RHP Jay Holt
|
Batting: RHB Troy Flynn
|
0-0: Swinging Strike 0-1: Ball 1-1: Ground out 3-1 (Groundball, 34S)
|
Batting: LHB King Rutledge
|
0-0: Ball 1-0: Ball 2-0: Ball 3-0: Called Strike 3-1: Called Strike 3-2: Base on Balls
|
Pitching: LHP Nelson Martínez
|
|
Batting: LHB Kevin McIndeor
|
0-0: Called Strike 0-1: Ball 1-1: Swinging Strike 1-2: Foul Ball, location: 2F 1-2: Ball 2-2: Ball 3-2: Fly out, F8 (Flyball, 8LD)
|
Batting: RHB Tyler Bowen
|
0-0: Called Strike King Rutledge steals 2nd base 0-1: Ball 1-1: Foul Ball, location: 2F 1-2: Strikes out looking
|
Bottom of the 7th over - 0 runs, 0 hits, 0 errors, 1 left on base; Belleville 2 - Columbia 10 |
TOP OF THE 8TH |
Belleville Bulls batting - Pitching for Columbia River Rats : RHP José Mejía
|
Pitching: RHP Francisco Santos
|
|
Now at 1B: Félix Calixto
|
|
Now in RF: Joaquín Lara
|
|
Batting: RHB Glenn Curtis
|
0-0: Called Strike 0-1: Foul Ball, location: 2F 0-2: Strikes out swinging
|
Batting: RHB Holden Ford
|
0-0: Ball 1-0: Ground out 4-3 (Groundball, 34)
|
Pitching: RHP Anbrosio Mera
|
|
Batting: RHB Rey McSriff
|
0-0: Foul Ball, location: 2F 0-1: Ball 1-1: Ball 2-1: Ground out 6-3 (Groundball, 6)
|
Top of the 8th over - 0 runs, 0 hits, 0 errors, 0 left on base; Belleville 2 - Columbia 10 |
BOTTOM OF THE 8TH |
Columbia River Rats batting - Pitching for Belleville Bulls : LHP Nelson Martínez
|
Batting: LHB Johnny Carter
|
0-0: Ball 1-0: Called Strike 1-1: Fly out, F7 (Flyball, 7LM)
|
Batting: SHB Brian Burt
|
0-0: Ball 1-0: Ball 2-0: Swinging Strike 2-1: Swinging Strike 2-2: Strikes out looking
|
Batting: RHB Don Skerrett
|
0-0: Foul Ball, location: 2F 0-1: Called Strike 0-2: Foul Ball, location: 2F 0-2: Ball 1-2: Ball 2-2: Ball 3-2: Foul Ball, location: 2F 3-2: Strikes out swinging
|
Bottom of the 8th over - 0 runs, 0 hits, 0 errors, 0 left on base; Belleville 2 - Columbia 10 |
TOP OF THE 9TH |
Belleville Bulls batting - Pitching for Columbia River Rats : RHP Anbrosio Mera
|
Batting: LHB Juan Rodríguez
|
0-0: SINGLE (Flyball, 8LS)
|
Pinch Hitting: RHB Chi-hyeong Kim
|
0-0: Foul Ball, location: 2F 0-1: Ball 1-1: SINGLE (Groundball, 4MD) Juan Rodríguez to second
|
Batting: RHB Kazunari Mizuno
|
0-0: Called Strike 0-1: Ball 1-1: Ball 2-1: SINGLE (Groundball, 34D) Juan Rodríguez to third Chi-hyeong Kim to second
|
Batting: RHB Gary Goodwin
|
0-0: Called Strike 0-1: Ball 1-1: Foul Ball, location: 2F 1-2: Ball 2-2: Grounds into double play, 4-6-3 (Groundball, 4) Juan Rodríguez scores Chi-hyeong Kim to third
|
Batting: RHB Roberto Ortíz
|
0-0: Ball 1-0: Ball 2-0: Ball 3-0: Called Strike 3-1: Foul Ball, location: 2F 3-2: TRIPLE (Flyball, 89D) Chi-hyeong Kim scores
|
Batting: SHB Júlio Moreno
|
0-0: Ball 1-0: Fly out, F9 (Flyball, 9)
|
Top of the 9th over - 2 runs, 4 hits, 0 errors, 1 left on base; Belleville 4 - Columbia 10 |
|